 Dungeon Crawl Stone Soup version 0.17-a0-81-g781747f (webtiles) character file.

133 BluebellGnoll the Changer (level 5, 0/36 HPs)
             Began as an Octopode Transmuter on Mar 15, 2015.
             Was an Initiate of Sif Muna.
             Slain by billydstr's ghost (11 damage)
             ... on level 3 of the Dungeon.
             The game lasted 00:13:10 (2289 turns).

BluebellGnoll the Changer (Octopode Transmuter)     Turns: 2289, Time: 00:13:10

Health: 0/36       AC:  1    Str:  9    XL:     5   Next: 16%
Magic:  1/9        EV: 12    Int: 16    God:    Sif Muna [......]
Gold:   36         SH:  0    Dex: 13    Spells: 3 memorised, 2 levels left

rFire  . . .     SeeInvis .       - Unarmed
rCold  . . .     Clarity  .     (no shield)
rNeg   . . .     SustAb   .     (helmet restricted)
rPois  .         Gourm    .     (no amulet)
rElec  .         Spirit   .     (no ring)
rCorr  .         Warding  .     (no ring)
rMut   .         Stasis   .     (no ring)
MR     .....                    (no ring)
Stlth  ++........               (no ring)
                                (no ring)
                                (no ring)
                                (no ring)

@: appendage (expiring), not resistant to hostile enchantments, unstealthy
A: almost no armour, amphibious, 8 rings, constrict 8, tentacle spike 3,
camouflage 1, gelatinous body 1
a: End Transformation, Renounce Religion


You were on level 3 of the Dungeon.
You worshipped Sif Muna.
Sif Muna was noncommittal.
You were not hungry.
One of your tentacles had a temporary spike.
You visited 1 branch of the dungeon, and saw 3 of its levels.

You collected 36 gold pieces.

Inventory:

Missiles
 b - 33 arrows
 c - 7 tomahawks (quivered)
 n - 20 poisoned needles
 o - 46 stones
Scrolls
 f - a scroll of magic mapping {unknown}
 j - a scroll of immolation {unknown}
 k - 3 scrolls of identify {unknown}
 l - a scroll of remove curse
 m - a scroll of recharging {unknown}
 p - a scroll of amnesia {unknown}
 q - a scroll of fear {unknown}
Potions
 e - a potion of curing
 g - a potion of restore abilities {unknown}
 i - 2 potions of brilliance {unknown}
 r - a potion of flight {unknown}
Books
 d - a book of Changes

   Spells                             Type                      Level
   a - Beastly Appendage              Transmutation                1
   b - Sticks to Snakes               Transmutation                2
   c - Spider Form                    Transmutation/Poison         3
   d - Ice Form                       Ice/Transmutation            4
   e - Blade Hands                    Transmutation                5
Comestibles
 a - a bread ration
 h - 2 chunks of flesh


   Skills:
 - Level 2.8 Fighting
 - Level 2.0 Dodging
 - Level 3.0 Unarmed Combat
 + Level 2.2 Spellcasting
 - Level 3.2 Transmutations
 - Level 2.8 Poison Magic


You had 2 spell levels left.
You knew the following spells:

 Your Spells              Type           Power        Failure   Level  Hunger
a - Beastly Appendage     Trmt           ##....       8%          1    #......
b - Sticks to Snakes      Trmt           ##........   10%         2    ###....
c - Spider Form           Trmt/Pois      ##........   17%         3    ###....


Dungeon Overview and Level Annotations

Branches:
Dungeon (3/15)

Altars:
Sif Muna

Annotations:
D:3 billydstr's ghost, average HOBe


Innate Abilities, Weirdness & Mutations

You cannot wear most types of armour.
You are amphibious.
You can wear up to eight rings at the same time.
You can use your tentacles to constrict many enemies at once.
Your skin changes colour to match your surroundings (Stealth).
Your rubbery body absorbs attacks (AC +1).
One of your tentacles bears a large vicious spike.


Message History

Billydstr's ghost is severely damaged.
Your transformation is almost over.
Your ball python bites billydstr's ghost but does no damage. x2
Billydstr's ghost barely misses your ball python.
You closely miss billydstr's ghost.
Billydstr's ghost is severely damaged.
Your ball python bites billydstr's ghost but does no damage.
Your ball python misses billydstr's ghost.
Billydstr's ghost closely misses you.
You barely miss billydstr's ghost.
Billydstr's ghost is severely damaged.
Your ball python withers and dies!
Your ball python bites billydstr's ghost but does no damage.
Billydstr's ghost closely misses your ball python.
You tentacle-slap billydstr's ghost but do no damage.
You pierce billydstr's ghost.
Billydstr's ghost is almost destroyed.
Your ball python bites billydstr's ghost.
Billydstr's ghost hits you!
You die...

#........[.# #...#.........# #
#.......##.###.............# #
#................#.........# #
#........#.###..##.........# #
###..#####.#.# #..#....>.....# #
..#..# #.#.# #..#..........# #
#.#..# #.#.###..#..........# #
.....#####.#.............###.####
#...............@W...............
#....#####.#......S..#######.####
#.#.## #........#..# #.#
#.#.#############.#..# #.#
#.........).......#..#######.#
###.#############.#..........#
#.# #.##.######### #.# #.##.# #.#
#.##.#


You could see billydstr's ghost and a friendly ball python.

Vanquished Creatures
  A crimson imp (D:3)
  2 adders
  3 worms
  2 giant geckos
  4 oozes (D:1)
  9 bats
  3 giant cockroaches
  7 hobgoblins
  3 jackals (D:1)
  8 kobolds
  A ball python (D:2)
  2 giant newts (D:3)
  6 goblins
  8 rats
59 creatures vanquished.

Vanquished Creatures (others)
  A rat (D:1)
1 creature vanquished.

Grand Total: 60 creatures vanquished

Notes
Turn   | Place    | Note
--------------------------------------------------------------
     0 | D:1      | BluebellGnoll, the Octopode Transmuter, began the quest for the Orb.
     0 | D:1      | Reached XP level 1. HP: 13/13 MP: 3/3
   122 | D:1      | Reached XP level 2. HP: 5/18 MP: 2/4
   328 | D:1      | Learned a level 2 spell: Sticks to Snakes
   738 | D:1      | Reached XP level 3. HP: 23/23 MP: 4/6
   773 | D:2      | Learned a level 3 spell: Spider Form
  1039 | D:2      | Found a deep blue altar of Sif Muna.
  1460 | D:2      | Reached XP level 4. HP: 30/30 MP: 5/7
  1529 | D:2      | Became a worshipper of Sif Muna the Loreminder
  1744 | D:3      | Reached XP level 5. HP: 26/36 MP: 6/9
  2249 | D:3      | Noticed billydstr's ghost (average HOBe)
  2289 | D:3      | Slain by billydstr's ghost

Action                   |  1- 3 |  4- 6 || total
-------------------------+-------+-------++-------
Melee: Unarmed           |    83 |    64 ||   147
 Cast: Beastly Appendage |    15 |    13 ||    28
       Sticks to Snakes  |       |     5 ||     5
  Use: Scroll            |       |     3 ||     3
       Potion            |       |     2 ||     2
 Stab: Sleeping          |     4 |     1 ||     5
  Eat: Chunk             |     2 |     3 ||     5
